General information
- name: BNet
- type: Ladder team game (AT/RT)
- host: Battle.net
- saver: BunInTheOven
map: Cherryville
- players: 8
- length: 29:58
- speed: Fast
- version: 1.26 W3XP
- replay type: Public
» download(172 KB)
Players
team 1 (loser)

»
o_Qe (
orange | 79 APM | 890 actions | 11:13)
3 Shadow Hunter
1 Hex
2 Serpent Ward
2 Far Seer
1 Feral Spirit
1 Chain Lighting
» actions
| Assign group hotkey | 13 | |
| Basic commands | 131 | |
| Build / train | 39 | |
| Enter build submenu | 12 | |
| Enter hero's abilities submenu | 5 | |
| Give item / drop item | 1 | |
| Right click | 250 | |
| Select / deselect | 194 | |
| Select group hotkey | 194 | |
| Use ability | 51 | |
890 total
» units
| Peon | 8 | |
| Grunt | 5 | |
| Shaman | 1 | |
| Troll Witch Doctor | 1 | |
15 total
» upgrades
| Shaman Training | 2 | |
| Witch Doctor Training | 2 | |
| Berserker Strength | 1 | |
| Reinforced Defenses | 1 | |
6 total
» buildings
| Orc Burrow | 4 | |
| Altar of Storms | 1 | |
| Barracks | 1 | |
| Voodoo Lounge | 1 | |
| Stronghold | 2 | |
| Fortress | 2 | |
| Spirit Lodge | 2 | |
| War Mill | 1 | |
| Watch Tower | 1 | |
15 total
» build order
00:11 Orc Burrow
00:17 Altar of Storms
01:20 Orc Burrow
01:29 Barracks
01:42 Voodoo Lounge
02:29 Orc Burrow
03:12 Stronghold
03:13 Stronghold
04:54 Orc Burrow
05:52 Fortress
05:52 Fortress
05:55 Spirit Lodge
05:59 Spirit Lodge
07:08 War Mill
10:33 Watch Tower
» items
| Healing Salve | 4 | |
| Lesser Clarity Potion | 1 | |
5 total
HeinrichHimmIer (
purple | 91 APM | 2732 actions | 29:57)
7 Pit Lord
3 Rain of Fire
3 Howl of Terror
1 Doom
» actions
| Assign group hotkey | 53 | |
| Basic commands | 51 | |
| Build / train | 213 | |
| ESC pressed | 1 | |
| Enter build submenu | 69 | |
| Enter hero's abilities submenu | 7 | |
| Give item / drop item | 15 | |
| Right click | 814 | |
| Select / deselect | 393 | |
| Select group hotkey | 876 | |
| Use ability | 240 | |
2732 total
» units
| Peasant | 20 | |
| Footman | 15 | |
| Sorceress | 1 | |
| Wisp | 3 | |
| Gryphon Rider | 4 | |
| Dragonhawk Rider | 1 | |
44 total
» upgrades
| Masonry | 3 | |
| Swords | 3 | |
| Lumber Harvesting | 2 | |
| Armor | 4 | |
| Sorceress Training | 2 | |
| Magic Sentry | 1 | |
| Storm Hammers | 1 | |
| Cloud | 1 | |
| Plating | 3 | |
| Gunpowder | 3 | |
| Priest Training | 2 | |
| Control Magic | 1 | |
| Animal War Training | 1 | |
| Backpack | 1 | |
| Flak Cannons | 1 | |
| Flying Machine Bombs | 1 | |
| Barrage | 1 | |
| Fragmentation Shards | 1 | |
| Flare | 1 | |
33 total
» buildings
| Altar of Kings | 1 | |
| Barracks | 1 | |
| Farm | 14 | |
| Arcane Vault | 2 | |
| Town Hall | 3 | |
| Lumber Mill | 1 | |
| Scout Tower | 29 | |
| Keep | 3 | |
| Arcane Tower | 7 | |
| Blacksmith | 1 | |
| Guard Tower | 63 | |
| Arcane Sanctum | 1 | |
| Castle | 3 | |
| Gryphon Aviary | 5 | |
| Ancient Protector | 1 | |
| Workshop | 5 | |
140 total
» build order
00:10 Altar of Kings
00:13 Barracks
00:20 Farm
00:59 Farm
01:35 Farm
01:37 Farm
02:37 Arcane Vault
02:44 Farm
03:43 Farm
04:15 Town Hall
04:54 Lumber Mill
05:18 Scout Tower
05:46 Keep
05:46 Keep
06:08 Arcane Tower
06:09 Arcane Tower
06:18 Scout Tower
06:19 Scout Tower
06:20 Scout Tower
06:21 Scout Tower
06:23 Scout Tower
06:24 Scout Tower
06:25 Scout Tower
06:29 Scout Tower
06:41 Blacksmith
06:53 Guard Tower
06:53 Guard Tower
06:54 Guard Tower
06:58 Guard Tower
06:59 Guard Tower
06:59 Guard Tower
07:07 Guard Tower
07:08 Guard Tower
07:08 Guard Tower
07:17 Guard Tower
07:25 Guard Tower
07:34 Guard Tower
08:07 Scout Tower
08:28 Arcane Sanctum
09:07 Castle
09:07 Castle
09:13 Guard Tower
10:49 Guard Tower
10:49 Guard Tower
10:57 Guard Tower
11:03 Guard Tower
11:03 Guard Tower
11:03 Guard Tower
11:18 Guard Tower
11:18 Guard Tower
11:34 Gryphon Aviary
11:36 Gryphon Aviary
11:40 Gryphon Aviary
11:44 Gryphon Aviary
12:47 Scout Tower
12:49 Scout Tower
12:50 Scout Tower
12:51 Scout Tower
12:53 Scout Tower
13:17 Guard Tower
13:17 Guard Tower
13:18 Guard Tower
13:19 Guard Tower
13:19 Guard Tower
13:19 Guard Tower
13:23 Guard Tower
13:23 Guard Tower
13:24 Guard Tower
13:35 Ancient Protector
13:41 Guard Tower
13:41 Guard Tower
16:16 Scout Tower
16:18 Scout Tower
17:06 Guard Tower
17:06 Guard Tower
17:07 Guard Tower
17:07 Guard Tower
18:49 Farm
18:49 Farm
18:50 Farm
18:50 Farm
18:51 Farm
18:52 Farm
19:42 Farm
20:26 Scout Tower
20:26 Scout Tower
20:28 Scout Tower
20:35 Town Hall
20:38 Scout Tower
20:41 Scout Tower
20:43 Scout Tower
20:45 Scout Tower
20:46 Scout Tower
20:49 Scout Tower
20:52 Scout Tower
20:53 Scout Tower
20:55 Scout Tower
20:58 Guard Tower
20:58 Guard Tower
21:28 Guard Tower
21:29 Guard Tower
21:29 Guard Tower
21:39 Guard Tower
21:40 Guard Tower
22:04 Guard Tower
22:04 Guard Tower
22:04 Guard Tower
22:23 Arcane Tower
22:23 Arcane Tower
22:23 Arcane Tower
22:48 Guard Tower
22:48 Guard Tower
22:49 Guard Tower
23:38 Farm
24:05 Town Hall
25:00 Arcane Vault
25:53 Workshop
25:57 Workshop
25:58 Workshop
26:02 Workshop
26:05 Workshop
28:10 Gryphon Aviary
» items
| Scroll of Regeneration | 4 | |
| Boots of Speed | 3 | |
| Staff of Teleportation | 1 | |
| Potion of Invisibility | 1 | |
| Lesser Clarity Potion | 6 | |
| Potion of Mana | 5 | |
| Ivory Tower | 5 | |
| Scroll of Town Portal | 2 | |
| Potion of Healing | 1 | |
28 total

»
LAME (
teal | 46 APM | 719 actions | 15:36)
5 Death Knight
3 Death Coil
2 Unholy Aura
» actions
| Assign group hotkey | 8 | |
| Basic commands | 17 | |
| Build / train | 50 | |
| Enter build submenu | 15 | |
| Enter hero's abilities submenu | 5 | |
| Remove unit from queue | 2 | |
| Right click | 329 | |
| Select / deselect | 206 | |
| Select group hotkey | 38 | |
| Use ability | 49 | |
719 total
» units
| Acolyte | 7 | |
| Ghoul | 2 | |
| Crypt Fiend | 11 | |
| Goblin Shredder | 1 | |
| Goblin Zeppelin | 1 | |
| Wisp | 5 | |
27 total
» upgrades
| Creature Attack | 2 | |
| Creature Carapace | 2 | |
| Web | 1 | |
| Burrow | 1 | |
| Nature's Blessing | 1 | |
7 total
» buildings
| Crypt | 1 | |
| Graveyard | 1 | |
| Ziggurat | 7 | |
| Altar of Darkness | 1 | |
| Tomb of Relics | 1 | |
| Halls of the Dead | 1 | |
| Black Citadel | 1 | |
| Sacrificial Pit | 3 | |
| Ancient Protector | 5 | |
| Spirit Tower | 1 | |
| Necropolis | 1 | |
| Boneyard | 3 | |
26 total
» build order
00:10 Crypt
00:12 Graveyard
00:40 Ziggurat
00:58 Altar of Darkness
01:48 Ziggurat
02:28 Tomb of Relics
03:32 Ziggurat
05:05 Halls of the Dead
10:14 Black Citadel
10:47 Sacrificial Pit
10:55 Ziggurat
10:55 Ziggurat
10:56 Ziggurat
12:23 Ancient Protector
12:23 Ancient Protector
12:26 Ancient Protector
12:27 Ancient Protector
12:29 Ancient Protector
13:06 Spirit Tower
13:39 Sacrificial Pit
13:43 Sacrificial Pit
13:48 Ziggurat
13:52 Necropolis
14:17 Boneyard
14:18 Boneyard
14:20 Boneyard
» items
| Rod of Necromancy | 1 | |
| Potion of Healing | 2 | |
| Scroll of Healing | 1 | |
| Scroll of Town Portal | 1 | |
5 total
chuckyb73 (
pink | 22 APM | 221 actions | 09:50)
3 Demon Hunter
2 Immolation
1 Mana Burn
» actions
| Build / train | 45 | |
| Enter build submenu | 11 | |
| Enter hero's abilities submenu | 3 | |
| Right click | 43 | |
| Select / deselect | 90 | |
| Use ability | 29 | |
221 total
» units
| Wisp | 14 | |
| Archer | 17 | |
| Hippogryph | 1 | |
32 total
» upgrades
| Strength of the Wild | 2 | |
| Reinforced Hides | 2 | |
| Improved Bows | 1 | |
| Hippogryph Taming | 1 | |
6 total
» buildings
| Altar of Elders | 1 | |
| Moon Well | 6 | |
| Ancient of War | 1 | |
| Hunter's Hall | 1 | |
| Tree of Ages | 1 | |
| Ancient of Wind | 1 | |
| Tree of Eternity | 1 | |
| Tree of Life | 1 | |
13 total
» build order
00:10 Altar of Elders
00:17 Moon Well
00:59 Ancient of War
01:23 Moon Well
02:34 Moon Well
03:51 Hunter's Hall
04:11 Tree of Ages
05:08 Moon Well
07:33 Ancient of Wind
07:35 Tree of Eternity
07:48 Moon Well
08:11 Tree of Life
09:23 Moon Well
» items
team 2 (winner)
shadradoo (
yellow | 61 APM | 1793 actions | 29:33)
5 Paladin
3 Holy Light
2 Devotion Aura
3 Mountain King
2 Storm Bolt
1 Bash
2 Pandaren Brewmaster
1 Breath of Fire
1 Drunken Haze
» actions
| Assign group hotkey | 11 | |
| Basic commands | 44 | |
| Build / train | 66 | |
| Enter build submenu | 23 | |
| Enter hero's abilities submenu | 11 | |
| Give item / drop item | 1 | |
| Remove unit from queue | 2 | |
| Right click | 1024 | |
| Select / deselect | 324 | |
| Select group hotkey | 201 | |
| Use ability | 86 | |
1793 total
» units
| Peasant | 20 | |
| Footman | 8 | |
| Assassin | 1 | |
| Spell Breaker | 2 | |
| Knight | 1 | |
32 total
» upgrades
| Defend | 1 | |
| Swords | 2 | |
| Plating | 3 | |
| Animal War Training | 1 | |
7 total
» buildings
| Altar of Kings | 1 | |
| Barracks | 2 | |
| Farm | 12 | |
| Scout Tower | 1 | |
| Arcane Tower | 2 | |
| Arcane Vault | 1 | |
| Keep | 1 | |
| Blacksmith | 1 | |
| Lumber Mill | 1 | |
| Arcane Sanctum | 1 | |
| Castle | 1 | |
| Town Hall | 1 | |
25 total
» build order
00:07 Altar of Kings
00:14 Barracks
00:26 Farm
00:40 Farm
01:31 Scout Tower
01:53 Farm
02:09 Arcane Tower
02:10 Arcane Tower
03:01 Arcane Vault
03:26 Farm
03:32 Barracks
04:14 Keep
04:39 Farm
04:43 Blacksmith
05:09 Lumber Mill
05:54 Farm
06:35 Arcane Sanctum
06:43 Farm
07:24 Castle
07:27 Farm
07:56 Farm
11:38 Farm
13:42 Farm
18:30 Town Hall
20:58 Farm
» items
| Scroll of Regeneration | 2 | |
| Lesser Clarity Potion | 1 | |
3 total

»
1BakStabU (
red | 35 APM | 1062 actions | 29:57)
9 Death Knight
3 Death Coil
3 Unholy Aura
3 Animate Dead
» actions
| Basic commands | 99 | |
| Build / train | 129 | |
| Enter build submenu | 43 | |
| Enter hero's abilities submenu | 7 | |
| Remove unit from queue | 3 | |
| Right click | 284 | |
| Select / deselect | 414 | |
| Use ability | 83 | |
1062 total
» units
| Acolyte | 14 | |
| Ghoul | 33 | |
| Frost Wyrm | 3 | |
50 total
» upgrades
| Cannibalize | 1 | |
| Creature Carapace | 3 | |
| Creature Attack | 3 | |
| Ghoul Frenzy | 1 | |
| Freezing Breath | 1 | |
9 total
» buildings
| Crypt | 2 | |
| Ziggurat | 23 | |
| Graveyard | 1 | |
| Altar of Darkness | 1 | |
| Tomb of Relics | 1 | |
| Nerubian Tower | 3 | |
| Spirit Tower | 9 | |
| Necropolis | 3 | |
| Halls of the Dead | 5 | |
| Black Citadel | 1 | |
| Sacrificial Pit | 1 | |
| Boneyard | 3 | |
53 total
» build order
00:38 Crypt
00:45 Ziggurat
01:05 Graveyard
01:08 Altar of Darkness
01:33 Tomb of Relics
01:44 Ziggurat
02:27 Ziggurat
02:29 Ziggurat
02:32 Nerubian Tower
03:28 Spirit Tower
04:04 Ziggurat
06:13 Necropolis
06:20 Necropolis
06:50 Necropolis
06:54 Ziggurat
07:20 Ziggurat
07:34 Ziggurat
07:40 Spirit Tower
07:47 Nerubian Tower
08:08 Halls of the Dead
08:20 Ziggurat
08:21 Spirit Tower
08:41 Spirit Tower
08:45 Ziggurat
08:51 Ziggurat
08:54 Halls of the Dead
08:54 Halls of the Dead
08:55 Halls of the Dead
09:20 Spirit Tower
09:22 Ziggurat
09:25 Ziggurat
09:32 Ziggurat
11:02 Black Citadel
11:03 Spirit Tower
11:06 Ziggurat
11:10 Spirit Tower
11:13 Ziggurat
11:25 Ziggurat
11:27 Crypt
11:33 Ziggurat
11:36 Ziggurat
12:20 Spirit Tower
12:25 Spirit Tower
12:54 Nerubian Tower
13:05 Ziggurat
13:11 Ziggurat
13:41 Sacrificial Pit
15:24 Boneyard
15:51 Boneyard
15:56 Boneyard
15:58 Ziggurat
16:03 Ziggurat
BunInTheOven (
blue | 46 APM | 1375 actions | 29:58)
5 Archmage
3 Summon Water Elemental
2 Brilliance Aura
» actions
| Assign group hotkey | 22 | |
| Basic commands | 191 | |
| Build / train | 61 | |
| Enter build submenu | 47 | |
| Enter hero's abilities submenu | 5 | |
| Give item / drop item | 4 | |
| Right click | 500 | |
| Select / deselect | 317 | |
| Select group hotkey | 147 | |
| Use ability | 81 | |
1375 total
» units
| Peasant | 12 | |
| Footman | 5 | |
| Goblin Shredder | 2 | |
| Gryphon Rider | 8 | |
| Goblin Sapper | 2 | |
29 total
» upgrades
| Masonry | 3 | |
| Animal War Training | 1 | |
| Swords | 3 | |
| Armor | 3 | |
| Storm Hammers | 1 | |
11 total
» buildings
| Altar of Kings | 1 | |
| Barracks | 1 | |
| Farm | 11 | |
| Arcane Vault | 1 | |
| Keep | 1 | |
| Town Hall | 2 | |
| Scout Tower | 24 | |
| Lumber Mill | 1 | |
| Castle | 1 | |
| Guard Tower | 6 | |
| Gryphon Aviary | 4 | |
| Blacksmith | 2 | |
55 total
» build order
00:46 Altar of Kings
00:46 Barracks
01:01 Farm
01:05 Farm
01:06 Farm
01:43 Farm
03:02 Arcane Vault
03:32 Keep
04:41 Town Hall
04:45 Scout Tower
04:45 Scout Tower
04:47 Scout Tower
04:48 Scout Tower
05:32 Farm
05:34 Lumber Mill
06:50 Town Hall
07:01 Castle
07:06 Scout Tower
07:09 Scout Tower
07:10 Scout Tower
07:12 Scout Tower
07:14 Scout Tower
07:16 Scout Tower
07:18 Scout Tower
07:47 Guard Tower
07:48 Guard Tower
08:08 Guard Tower
08:15 Gryphon Aviary
08:29 Gryphon Aviary
10:29 Gryphon Aviary
10:32 Gryphon Aviary
10:39 Blacksmith
10:44 Blacksmith
12:26 Scout Tower
12:26 Scout Tower
12:28 Scout Tower
12:30 Scout Tower
12:31 Scout Tower
12:34 Scout Tower
12:35 Scout Tower
12:37 Scout Tower
12:39 Scout Tower
12:44 Scout Tower
12:46 Scout Tower
12:46 Scout Tower
12:47 Scout Tower
13:17 Guard Tower
13:50 Farm
13:51 Guard Tower
14:10 Farm
14:10 Farm
22:26 Farm
22:26 Farm
22:26 Farm
23:06 Guard Tower
» items
| Scroll of Regeneration | 2 | |
| Periapt of Vitality | 2 | |
| Staff of Teleportation | 1 | |
| Potion of Lesser Invulnerability | 1 | |
| Scroll of Town Portal | 1 | |
7 total
ponza98 (
green | 39 APM | 1052 actions | 27:18)
3 Priestess of the Moon
1 Searing Arrows
2 Trueshot Aura
2 Keeper of the Grove
1 Entangling Roots
1 Thorns Aura
» actions
| Assign group hotkey | 40 | |
| Basic commands | 137 | |
| Build / train | 61 | |
| ESC pressed | 1 | |
| Enter build submenu | 15 | |
| Enter hero's abilities submenu | 5 | |
| Right click | 255 | |
| Select / deselect | 177 | |
| Select group hotkey | 317 | |
| Use ability | 44 | |
1052 total
» units
| Wisp | 21 | |
| Archer | 1 | |
| Huntress | 8 | |
| Dryad | 6 | |
| Druid of the Claw | 5 | |
| Mountain Giant | 1 | |
42 total
» upgrades
| Strength of the Moon | 1 | |
| Moon Armor | 1 | |
| Strength of the Wild | 2 | |
| Sentinel | 1 | |
| Abolish Magic | 1 | |
| Reinforced Hides | 2 | |
| Druid of the Claw Training | 1 | |
9 total
» buildings
| Moon Well | 6 | |
| Altar of Elders | 1 | |
| Ancient of War | 1 | |
| Hunter's Hall | 1 | |
| Ancient of Wonders | 1 | |
| Ancient Protector | 2 | |
| Tree of Ages | 2 | |
| Ancient of Lore | 2 | |
| Tree of Eternity | 1 | |
17 total
» build order
00:20 Moon Well
00:33 Altar of Elders
00:48 Ancient of War
01:58 Hunter's Hall
02:05 Moon Well
02:24 Moon Well
02:32 Ancient of Wonders
03:05 Ancient Protector
03:47 Ancient Protector
04:30 Tree of Ages
04:30 Tree of Ages
05:17 Moon Well
06:57 Ancient of Lore
07:05 Ancient of Lore
09:17 Moon Well
14:00 Moon Well
16:40 Tree of Eternity
Chat log
(00:19 / Allies) 1BakStabU: ok
(00:31 / All) shadradoo: red are you tking
(00:54 / Allies) shadradoo: ?
(00:59 / Allies) 1BakStabU: hehe
(01:12 / Allies) shadradoo: are you or not
(01:17 / Allies) 1BakStabU: what
(01:21 / Allies) shadradoo: are you bakstab
(01:23 / Allies) ponza98: units
(01:24 / Allies) 1BakStabU: na
(01:32 / Allies) BunInTheOven: Give him the benefit of the doubt
(01:38 / Allies) BunInTheOven: if he is we're fucked anyway
(01:48 / Allies) 1BakStabU: im not
(02:06 / Allies) shadradoo: if you do i slit your throat
(02:07 / Allies) shadradoo: deal?
(02:12 / Allies) 1BakStabU: deal
(06:40 / Allies) 1BakStabU: wtf
(06:46 / Allies) shadradoo: ?
(09:31 / All) BunInTheOven: BUCKY BUCKY
(09:41 / Allies) 1BakStabU: im comin
(09:44 / Allies) 1BakStabU: wait if u can
(10:09 / Allies) BunInTheOven: charge this base
(10:24 / Allies) BunInTheOven: trade off
(10:31 / Allies) ponza98: gold plz
(10:36 / Allies) ponza98: blue
(10:36 / All) shadradoo: gg
(10:40 / Allies) 1BakStabU: trade off what
(10:43 / All) HeinrichHimmIer: Not over yet
(10:47 / Allies) ponza98: give gold
(10:55 / All) HeinrichHimmIer: Unless you are quittting?
(11:02 / All) shadradoo: you suck
(11:06 / All) shadradoo: leave
(11:09 / All) HeinrichHimmIer: I just killed 5 of your peons with a pit lord!
(11:11 / Allies) ponza98: blue give gold
(11:14 / All) shadradoo: cuz im fighting
(11:17 / All) shadradoo: and winning the game
(11:24 / All) HeinrichHimmIer: Oh, so am I!
(11:26 / Allies) ponza98: BLUE
(11:28 / All) HeinrichHimmIer: Looks like we have something in common
(11:30 / All) HeinrichHimmIer: We should be friends
(11:34 / Allies) ponza98: U HAVE FUCKING 6000 GOLD
(11:43 / Allies) BunInTheOven: who
(11:48 / Allies) shadradoo: you
(11:56 / Allies) BunInTheOven: I'm about to pump out the griffs
(12:05 / Allies) ponza98: i will start kill u guys
(12:14 / Allies) BunInTheOven: hang on man
(12:16 / Allies) BunInTheOven: I am macroing
(12:19 / Allies) ponza98: give 500
(12:26 / Allies) ponza98: holy shit
(12:45 / Allies) ponza98: 5
(12:48 / Allies) ponza98: 4
(12:51 / Allies) ponza98: 3
(13:26 / Allies) ponza98: was that hard
(13:44 / Allies) ponza98: and u still have 6000
(14:22 / All) shadradoo: jesus you are annoying
(14:32 / All) HeinrichHimmIer: I am beating you with a pit lord
(14:37 / All) shadradoo: you aint beating shit
(14:40 / All) HeinrichHimmIer: How does this make you feel?
(14:49 / All) shadradoo: i just dont wanna tp
(14:56 / All) HeinrichHimmIer: Tping wouldn't stop it
(15:05 / All) shadradoo: it would
(15:15 / All) HeinrichHimmIer: For 5 seconds maybe
(15:30 / All) shadradoo: i would rather win the game
(15:31 / All) shadradoo: thb
(15:33 / All) shadradoo: tbh
(15:37 / Allies) 1BakStabU: wood plz blue
(15:53 / Allies) 1BakStabU: thx
(15:53 / All) HeinrichHimmIer: I like teal, he gave me his wood before he left
(16:14 / All) 1BakStabU: he left?
(16:21 / All) HeinrichHimmIer: Yes just now
(16:28 / All) 1BakStabU: cool
(16:30 / All) 1BakStabU: i need wood
(16:33 / All) 1BakStabU: funny
(16:38 / All) 1BakStabU: undead needs wood
(17:04 / Allies) ponza98: gold blue
(17:06 / Allies) shadradoo: use griff
(17:12 / Allies) shadradoo: use griff
(17:29 / Allies) 1BakStabU: 2 many towen
(17:42 / Allies) BunInTheOven: Want to threaten me motherfucker?
(17:43 / Allies) ponza98: give gold
(17:48 / Allies) BunInTheOven: Shut my dick, bitch
(17:50 / Allies) BunInTheOven: I'm not a bank
(17:58 / All) 1BakStabU: lol
(17:59 / Allies) ponza98: u have 8000
(18:02 / All) 1BakStabU: here he goes
(18:04 / Allies) BunInTheOven: You're dead motherfucker
(18:07 / Allies) BunInTheOven: Nobody threatens Lord Farsanky
(18:10 / Allies) BunInTheOven: Nobody
(18:11 / Allies) 1BakStabU: lol
(18:22 / Allies) ponza98: i cannot do shit becuase you greedy bitch has 2 mines
(18:29 / Allies) BunInTheOven: Just the way I like it
(18:30 / Allies) 1BakStabU: lol
(18:33 / All) shadradoo: thanks for items
(18:41 / All) HeinrichHimmIer: You're welcome, they were pink's
(18:42 / Allies) ponza98: fucking noob
(18:47 / All) shadradoo: we lose tho
(18:49 / Allies) BunInTheOven: Get the hell off my bnet
(18:50 / All) shadradoo: blue is tking
(18:50 / All) shadradoo: gg
(18:54 / Allies) BunInTheOven: He threatened me
(18:55 / All) HeinrichHimmIer: I told you it wasn't over
(18:58 / All) HeinrichHimmIer: You arrogant prick
(19:03 / All) shadradoo: you didnt do shit lol
(19:04 / Allies) 1BakStabU: look at this
(19:05 / All) HeinrichHimmIer: Do you kiss your mother with that mouth?
(19:16 / All) HeinrichHimmIer: I destroyed your base multiple times with a PIT LORD!
(19:19 / All) HeinrichHimmIer: I mean, a PIT LORD!
(19:22 / All) HeinrichHimmIer: How often do you see that?
(19:24 / Allies) ponza98: wow blue you are a fucking spic
(19:26 / All) shadradoo: you didnt destroy it
(19:28 / All) shadradoo: lol
(19:31 / All) shadradoo: i let it die
(19:32 / All) HeinrichHimmIer: Oh yes I did, all the farms!
(19:35 / All) HeinrichHimmIer: And every peon!
(19:36 / All) HeinrichHimmIer: Multiple times!
(19:38 / All) shadradoo: OH MAN
(19:41 / All) shadradoo: ALL MY FARMS
(19:43 / All) shadradoo: WHAT WIlL i DO?
(19:47 / All) HeinrichHimmIer: It food blocked you into oblivion
(19:49 / All) HeinrichHimmIer: I don't know man
(19:53 / All) HeinrichHimmIer: It would be hard to recover from that
(19:55 / All) shadradoo: you're so stupid lol
(19:58 / All) shadradoo: kinda funny
(20:01 / Allies) BunInTheOven: You're now finished, green
(20:04 / All) HeinrichHimmIer: I don't know man, I beat you with a PIT LORD!
(20:07 / Allies) 1BakStabU: lol
(20:09 / Allies) BunInTheOven: You'll never work on this map again
(20:10 / Allies) 1BakStabU: his mines dead
(20:10 / All) HeinrichHimmIer: At least I didn't die to invisible heroes
(20:20 / All) HeinrichHimmIer: I feel like I have a leg up on you for that reason
(21:20 / Allies) 1BakStabU: ack
(21:23 / Allies) 1BakStabU: not good
(21:35 / Allies) 1BakStabU: ouchies
(21:41 / Allies) 1BakStabU: u should b
(21:45 / All) HeinrichHimmIer: A PIT LORD!
(21:47 / All) HeinrichHimmIer: It killed your expo!
(21:50 / All) HeinrichHimmIer: another base down man!
(21:54 / All) HeinrichHimmIer: What can you do bro?
(21:59 / All) HeinrichHimmIer: Are you able to do anything at all?
(22:04 / Allies) shadradoo: why are you tking me
(22:10 / Allies) BunInTheOven: I don't like your attitude
(22:13 / Allies) 1BakStabU: what happened?
(22:17 / All) HeinrichHimmIer: I know the pit lord is so TERRIFYING with its HOWL of TERROR but you can still counter it somehow can't you?!??!
(22:21 / All) HeinrichHimmIer: Don't give up hope man! Keep playing!
(22:28 / All) shadradoo: blue is killing me
(22:31 / All) shadradoo: soooo...
(22:33 / All) HeinrichHimmIer: So am I!
(22:39 / All) BunInTheOven: I've had enough of your lip, poofter
(22:40 / Allies) 1BakStabU: aahaha
(23:08 / Allies) shadradoo: stop fucking around
(23:09 / Allies) shadradoo: go kill him
(23:23 / Allies) 1BakStabU: now is it
(23:34 / All) shadradoo: well im going afk
(23:36 / All) shadradoo: have fun!
(23:43 / All) HeinrichHimmIer: Thanks I will bro
(27:23 / Allies) 1BakStabU: lol
(27:28 / All) 1BakStabU: ahahahhahaa
(28:06 / All) BunInTheOven: Everyone should whisper yellow after the game and say "ENJOY THE LOSS, YOU EARNED IT"
(28:13 / All) 1BakStabU: lol
(29:05 / All) 1BakStabU: epic
(29:28 / All) shadradoo: so many virgins in one place
(29:31 / All) shadradoo: kind of crazy
(29:35 / All) BunInTheOven: lol
(29:56 / All) 1BakStabU: nice